 Dungeon Crawl Stone Soup version 0.22-a0-159-g7ce444f (webtiles) character file.

17091 wolfsongas the Cleaver (level 12, -8/97 HPs)
             Began as a Demonspawn Fighter on Feb 9, 2018.
             Was an Elder of Dithmenos.
             Mangled by a 13-headed hydra (9 damage)
             ... on level 1 of the Lair of Beasts.
             The game lasted 00:29:40 (15726 turns).

wolfsongas the Cleaver (Demonspawn Fighter)        Turns: 15726, Time: 00:29:40

Health: -8/97      AC: 20    Str: 23    XL:     12   Next: 15%
Magic:  12/12      EV:  5    Int: 10    God:    Dithmenos [****..]
Gold:   893        SH: 18    Dex: 13    Spells: 11/11 levels left

rFire    . . .     SeeInvis +   a - +1 war axe
rCold    . . .     Gourm    .   c - +4 shield
rNeg     . . .     Faith    .   p - +0 plate armour
rPois    .         Spirit   .   (helmet unavailable)
rElec    .         Reflect  .   e - +2 cloak
rCorr    .         Harm     .   n - +0 pair of gloves
MR       .....                  k - +0 pair of boots
Stlth    ++........             (no amulet)
HPRegen  0.26/turn              t - ring of flight
MPRegen  0.13/turn              (no ring)

@: wreathed by umbra
A: antennae 3, beak, large bone plates 1, demonic guardian 1, nightstalker 3,
strong 1
a: Shadow Step, Renounce Religion, Evoke Flight


You were on level 1 of the Lair of Beasts.
You worshipped Dithmenos.
Dithmenos was greatly pleased with you.
You were not hungry.

You visited 2 branches of the dungeon, and saw 12 of its levels.
You also visited: Ossuary and Volcano.

You collected 893 gold pieces.

Inventory:

Hand Weapons
 a - a +1 war axe (weapon)
Armour
 c - a +4 shield (worn)
 e - a +2 cloak (worn)
 k - a +0 pair of boots (worn)
 n - a +0 pair of gloves (worn)
 p - a +0 plate armour (worn)
Jewellery
 t - a ring of flight (left hand)
Wands
 v - a wand of iceblast (7)
Scrolls
 b - a scroll of enchant weapon
 d - 5 scrolls of remove curse
 g - a scroll of fog
 l - 4 scrolls of teleportation
 m - a scroll of fear
 u - 2 scrolls of blinking
 B - 3 scrolls of magic mapping
 C - a scroll of identify
Potions
 f - a potion of heal wounds
 h - a potion of brilliance
 i - 2 potions of berserk rage
 o - 4 potions of agility
 q - a potion of curing
 r - a potion of resistance
 x - 4 potions of might
 z - a potion of cancellation
Comestibles
 w - 8 rations


   Skills:
 + Level 9.8 Fighting
 * Level 11.6 Axes
 + Level 9.8 Armour
 + Level 5.3 Stealth
 - Level 5.3 Shields


You had 11 spell levels left.
You didn't know any spells.

Dungeon Overview and Level Annotations

Branches:
Dungeon (11/15)            Temple (0/1) D:7            Lair (1/6) D:11
    Orc: D:9-12

Altars:
Ashenzari
Cheibriados
Dithmenos
Elyvilon
Fedhas
Makhleb
Qazlal
Trog

Shops:
D:6 [


Innate Abilities, Weirdness & Mutations

You have a pair of large antennae on your head. (SInv)
You are partially covered in large bone plates. (SH +4)
A weak demonic guardian rushes to your aid.
You are completely attuned to the shadows.
You have a beak for a mouth.
Your muscles are strong. (Str +2)


Message History

You are too injured to fight recklessly!
You are too injured to fight recklessly!
You are too injured to fight recklessly!
You are too injured to fight recklessly!
You are too injured to fight recklessly!
You are too injured to fight recklessly!
You are too injured to fight recklessly!
You are too injured to fight recklessly!
You hit the 13-headed hydra.
The 13-headed hydra is moderately wounded.
Your ufetubus hits the 13-headed hydra.
Your ufetubus barely misses the 13-headed hydra.
You block the 13-headed hydra's attack. x3; The 13-headed hydra bites you.
* * * LOW HITPOINT WARNING * * *
The 13-headed hydra bites you!
* * * LOW HITPOINT WARNING * * *
The 13-headed hydra barely misses you.
The 13-headed hydra completely misses you.
The 13-headed hydra bites you!
You die...

#.........................#.≈.
#...............#+#§.§.)...≈.#
#...###.##............##..#≈..
#...########........≈≈..#..#§≈
#...##P### #....#.....§≈≈.#.≈.
##........# #....#/....#.#.#≈≈§
#P.{[.#{..###...........#...#..
##...###.....5...#.......#.....
#...# #####PD@................
#...# ##..............#...
##..!########....#.#.#P........
#..............................
#######.###.##.############.#.#
### ###### #####


You could see a 13-headed hydra and a friendly ufetubus.

Vanquished Creatures
  Gastronok (D:8)
  A two-headed ogre (D:10)
  Erica (D:8)
  Pikel (D:4)
  A centaur zombie (D:11)
  Maurice (D:10)
  2 gargoyles (Volcano)
  A rime drake (Lair:1)
  4 komodo dragons
  An efreet (Volcano)
  A hornet (D:9)
  Prince Ribbit (D:8)
  Sigmund (D:5)
  A spriggan (D:9)
  2 wraiths
  A wyvern (D:10)
  22 yaks
  Grum (D:9)
  A basilisk (Lair:1)
  2 hungry ghosts
  A fire elemental (Volcano)
  2 water moccasins
  2 porcupines (Lair:1)
  3 orc warriors
  A sky beast (D:7)
  2 ice beasts (D:11)
  5 phantoms
  A necrophage (D:9)
  4 ogres
  3 wolves (D:9)
  11 centaurs
  3 crocodiles
  2 big kobolds
  4 bullfrogs
  An elf skeleton (D:7)
  2 scorpions
  9 killer bees
  3 wights (D:7)
  4 crimson imps
  A howler monkey (D:9)
  A human zombie (D:7)
  A quasit (D:9)
  12 orc priests
  A bullfrog skeleton (D:9)
  3 hounds
  A centaur skeleton (D:3)
  A human skeleton (D:7)
  14 orc wizards
  Jessica (D:3)
  3 iguanas
  6 worker ants
  A hound zombie (D:8)
  4 hound skeletons
  8 mummies (Ossuary)
  10 gnolls
  2 howler monkey skeletons
  9 adders
  2 shadow imps
  3 oozes
  2 adder skeletons (D:3)
  6 worms
  A dart slug (D:2)
  5 leopard geckos
  40 orcs
  3 ball pythons
  8 bats
  5 giant cockroaches
  A gnoll zombie (Ossuary)
  4 goblins
  7 hobgoblins
  13 jackals
  12 kobolds
  5 quokkas
  4 frilled lizards
  A giant cockroach zombie (D:3)
  A hobgoblin zombie (Ossuary)
  2 jackal skeletons
  2 kobold zombies (Ossuary)
  A leopard gecko skeleton (D:3)
  An orc skeleton (D:7)
  5 orc zombies
  A quokka skeleton (D:3)
  8 rats
332 creatures vanquished.

Vanquished Creatures (collateral kills)
  A troll (D:10)
  A vampire (D:11)
  2 yaks (D:10)
  An orc warrior (D:6)
  2 centaurs
  An elf zombie (D:7)
  2 scorpions
  A killer bee (D:9)
  A crimson imp (D:9)
  An orc priest (D:7)
  3 orc wizards
  A worker ant (D:9)
  A leopard gecko (D:5)
  4 orcs
  A jackal (D:7)
23 creatures vanquished.

Vanquished Creatures (others)
  A wizard (D:3)
  An orc wizard (D:7)
  A hound zombie (D:8)
  An adder (D:4)
  An orc (D:4)
  A bat (D:3)
  A quokka skeleton (D:4)
  2 fungi (Lair:1)
  2 plants
11 creatures vanquished.

Grand Total: 366 creatures vanquished

Notes
Turn   | Place    | Note
-------+----------+-------------------------------------------
     0 | D:1      | wolfsongas the Demonspawn Fighter began the quest for the Orb.
     0 | D:1      | Reached XP level 1. HP: 18/18 MP: 1/1
    15 | D:1      | Reached skill level 2 in Axes
   239 | D:1      | Gained mutation: You have a pair of small antennae on your head. [demonic ancestry]
   239 | D:1      | Reached XP level 2. HP: 21/24 MP: 2/2
   386 | D:1      | Reached skill level 3 in Axes
   621 | D:1      | Reached XP level 3. HP: 29/29 MP: 3/3
  1317 | D:2      | Gained mutation: A weak demonic guardian rushes to your aid. [demonic ancestry]
  1317 | D:2      | Reached XP level 4. HP: 28/35 MP: 4/4
  1320 | D:2      | Reached skill level 4 in Axes
  1321 | D:2      | Gained mutation: You are slightly more attuned to the shadows. [demonic ancestry]
  1321 | D:2      | Reached XP level 5. HP: 15/41 MP: 5/5
  2002 | D:2      | Reached skill level 5 in Axes
  2044 | D:2      | Gained mutation: Your body sometimes deteriorates upon taking damage. [potion of mutation]
  2044 | D:2      | Gained mutation: Your flesh is heat resistant. (rF+) [potion of mutation]
  3069 | D:3      | Found a bloodstained altar of Trog.
  3072 | D:3      | Noticed a wizard
  3077 | D:3      | Killed a wizard
  3185 | D:3      | Gained mutation: You are significantly more attuned to the shadows. [demonic ancestry]
  3185 | D:3      | Reached XP level 6. HP: 47/47 MP: 6/6
  3638 | D:3      | Noticed Jessica
  3645 | D:3      | Killed Jessica
  3652 | D:3      | Found a snail-covered altar of Cheibriados.
  4564 | D:4      | Gained mutation: You are partially covered in large bone plates. (SH +4) [demonic ancestry]
  4564 | D:4      | Reached XP level 7. HP: 54/54 MP: 7/7
  4695 | D:4      | Noticed Pikel
  4711 | D:4      | Killed Pikel
  4711 | D:4      | Reached skill level 6 in Axes
  5295 | D:5      | Entered Level 5 of the Dungeon
  5307 | D:5      | Gained mutation: You have a pair of antennae on your head. [demonic ancestry]
  5307 | D:5      | Reached XP level 8. HP: 60/61 MP: 8/8
  5352 | D:5      | Noticed Sigmund
  5367 | D:5      | Reached skill level 5 in Fighting
  5402 | D:5      | Killed Sigmund
  5587 | D:5      | Reached skill level 5 in Shields
  5646 | D:5      | Reached skill level 5 in Armour
  6765 | D:6      | Found Foinorch's Antique Armour Emporium.
  6959 | D:6      | Lost mutation: Your body sometimes deteriorates upon taking damage. [potion of mutation]
  6959 | D:6      | Lost mutation: Your flesh is heat resistant. (rF+) [potion of mutation]
  6959 | D:6      | Gained mutation: Your muscles are strong. (Str +2) [potion of mutation]
  6959 | D:6      | Gained mutation: You have a beak for a mouth. [potion of mutation]
  7302 | D:7      | Reached skill level 7 in Axes
  7306 | D:7      | Gained mutation: You have a pair of large antennae on your head. (SInv) [demonic ancestry]
  7306 | D:7      | Reached XP level 9. HP: 68/69 MP: 9/9
  7552 | D:7      | Found a shadowy altar of Dithmenos.
  7552 | D:7      | Found a shattered altar of Ashenzari.
  7560 | D:7      | Became a worshipper of Dithmenos the Shadowed
  7636 | D:7      | Found a burning altar of Makhleb.
  7692 | D:7      | Found a staircase to the Ecumenical Temple.
  7881 | D:7      | Found a sand-covered staircase.
  7893 | Ossuary  | Entered an ossuary
  7974 | Ossuary  | Reached * piety under Dithmenos
  8205 | D:8      | Noticed Gastronok
  8233 | D:8      | Killed Gastronok
  8233 | D:8      | Reached skill level 8 in Axes
  8233 | D:8      | Gained mutation: You are completely attuned to the shadows. [demonic ancestry]
  8233 | D:8      | Reached XP level 10. HP: 24/80 MP: 10/10
  8567 | D:8      | Noticed Prince Ribbit
  8577 | D:8      | Killed Prince Ribbit
  8724 | D:8      | Found a blossoming altar of Fedhas.
  8927 | D:8      | Noticed Erica
  8945 | D:8      | Killed Erica
  8945 | D:8      | Reached skill level 9 in Axes
  9182 | D:8      | Found a stormy altar of Qazlal.
 10220 | D:9      | Reached ** piety under Dithmenos
 10306 | D:10     | Entered Level 10 of the Dungeon
 10635 | D:9      | Noticed Grum
 10643 | D:9      | Killed Grum
 10643 | D:9      | Reached skill level 10 in Axes
 10854 | D:9      | Found a white marble altar of Elyvilon.
 10907 | D:9      | Reached XP level 11. HP: 77/89 MP: 11/11
 11272 | D:10     | Reached skill level 1 in Stealth
 11529 | D:10     | Noticed Maurice
 11545 | D:10     | Killed Maurice
 11936 | D:10     | Reached *** piety under Dithmenos
 12335 | D:10     | Noticed a two-headed ogre
 12345 | D:10     | Killed a two-headed ogre
 12872 | D:11     | Found a staircase to the Lair.
 13182 | D:11     | Reached skill level 11 in Axes
 13754 | D:11     | Reached **** piety under Dithmenos
 13761 | Lair:1   | Entered Level 1 of the Lair of Beasts
 13789 | Lair:1   | Found a dark tunnel.
 13795 | Volcano  | Entered a volcano
 14256 | Lair:1   | Reached skill level 5 in Stealth
 14262 | Lair:1   | Reached XP level 12. HP: 42/96 MP: 12/12
 14715 | Lair:1   | Noticed a five-headed hydra
 14753 | Lair:1   | HP: 4/97 [nine-headed hydra (1)]
 15726 | Lair:1   | HP: 1/97 [13-headed hydra (9)]
 15726 | Lair:1   | Mangled by a 13-headed hydra

Vault maps used:
D:1:      onia_arrival_handbag
D:2:      first_ration
D:3:      cheibriados_altar_1, serial_undead, serial_undead_b, serial_undead_c,
          serial_undead_b, serial_undead_f, serial_undead_a, serial_undead_f,
          serial_undead_a, serial_undead_c, trog_wizard, uniq_jessica
D:4:      grunt_ministairs_10, abandoned_shop,
          hangedman_abyss_or_decor_lesser_grid, uniq_pikel
D:5:      uniq_sigmund
D:6:      serial_shops, nicolae_shop_stone, small_statue_intersection
D:7:      gammafunk_temple_overflow_elements, lemuel_coloured_pillars_altar,
          temple_fountains, nicolae_ossuary_entry_catacombs
D:8:      nicolae_overflow_crystal_walls, grunt_qazlal_clouds, uniq_gastronok,
          uniq_prince_ribbit1, uniq_erica
D:9:      elyvilon_altar_3, the_bakery, uniq_grum
D:10:     uniq_maurice
D:11:     david_lair_shrubbed
Lair:1:   nicolae_volcano_entry_lava_flow, beast_lair_carwin_5,
          serial_bayou_shore_b
Ossuary:  ossuary_tomb_3
Volcano:  volcano_overflow

Skill      XL: |  1  2  3  4  5  6  7  8  9 10 11 |
---------------+----------------------------------+-----
Axes           | 2 3 4 5 6 7 8 10 11 | 11.6
Armour         | 3 4 5 7 8 9 |  9.8
Shields        | 3 4 5 |  5.3
Fighting       | 4 6 7 9 |  9.8
Stealth        | 5 |  5.3

Action                   |  1- 3 |  4- 6 |  7- 9 | 10-12 || total
-------------------------+-------+-------+-------+-------++-------
Melee: War axe           |   147 |   231 |   362 |   624 ||  1364
       Peck              |       |       |    34 |   140 ||   174
Evoke: Wand              |       |       |       |     2 ||     2
  Use: Scroll            |     1 |     5 |     8 |    17 ||    31
       Potion            |       |     2 |     6 |     6 ||    14
 Stab: Sleeping          |       |     8 |     1 |    11 ||    20
       Distracted        |       |     1 |     3 |    14 ||    18
  Eat: Ration            |     1 |     3 |     2 |     5 ||    11
       Chunk             |       |       |     8 |     7 ||    15
Armor: Scale mail        |    33 |       |       |       ||    33
       Ring mail         |    36 |   116 |    21 |       ||   173
       Chain mail        |       |       |   142 |   278 ||   420
       Skin              |       |       |     9 |       ||     9
       Plate armour      |       |       |       |    33 ||    33
Dodge: Dodged            |    52 |    92 |    61 |   157 ||   362
Block: Shield            |    67 |   108 |   292 |   536 ||  1003

Table legend:
 A = Spawn XP
 B = Non-spawn XP
 C = Spawn XP percentage of total XP
 D = Spawn monster count
 E = Non-spawn monster count
 F = Spawn count percentage of total count
 G = Total turns spent on level
                    A         B        C        D         E        F      G
               +---------+---------+-------+---------+---------+-------+---------
         Total |       0 |   24416 |   0.0 |       0 |     357 |   0.0 | 15726
               +---------+---------+-------+---------+---------+-------+---------
           D:1 |       0 |      46 |   0.0 |       0 |      24 |   0.0 |   650
           D:2 |       0 |     249 |   0.0 |       0 |      32 |   0.0 |  2249
           D:3 |       0 |     319 |   0.0 |       0 |      38 |   0.0 |  1611
           D:4 |       0 |     807 |   0.0 |       0 |      13 |   0.0 |   785
           D:5 |       0 |     706 |   0.0 |       0 |      25 |   0.0 |   759
           D:6 |       0 |     582 |   0.0 |       0 |      19 |   0.0 |  1242
           D:7 |       0 |    1218 |   0.0 |       0 |      28 |   0.0 |   691
           D:8 |       0 |    3726 |   0.0 |       0 |      20 |   0.0 |  1340
           D:9 |       0 |    3200 |   0.0 |       0 |      52 |   0.0 |  1570
          D:10 |       0 |    4833 |   0.0 |       0 |      32 |   0.0 |  1590
          D:11 |       0 |    3498 |   0.0 |       0 |      36 |   0.0 |  1056
        Lair:1 |       0 |    3839 |   0.0 |       0 |      18 |   0.0 |  1680
       Ossuary |       0 |     151 |   0.0 |       0 |      16 |   0.0 |   218
       Volcano |       0 |    1242 |   0.0 |       0 |       4 |   0.0 |   285
               +---------+---------+-------+---------+---------+-------+---------
